 Dungeon Crawl Stone Soup version 0.16-b1-49-gc2c1aff (webtiles) character file.

107 prinygod the Magician (level 4, -5/30 HPs)
             Began as a Demonspawn Wizard on Mar 11, 2015.
             Killed from afar by an orc wizard (7 damage)
             ... with a puff of flame
             ... on level 3 of the Dungeon.
             The game lasted 00:08:10 (2321 turns).

prinygod the Magician (Demonspawn Wizard)           Turns: 2321, Time: 00:08:14

Health: -5/30      AC:  4    Str:  7    XL:     4   Next: 57%
Magic:  0/11       EV: 12    Int: 23    God:
Gold:   181        SH:  0    Dex: 11    Spells: 4 memorised, 3 levels left

rFire  . . .     SeeInvis .     g - +0 short sword
rCold  . . .     Clarity  .     a - +0 robe
rNeg   . . .     SustAb   .     (no shield)
rPois  .         Gourm    .     b - +0 hat
rElec  .         Spirit   .     (no cloak)
rCorr  .         Warding  .     (no gloves)
rMut   .         Stasis   .     (no boots)
MR     .....                    (no amulet)
Stlth  +.........               (no ring)
                                (no ring)

@: confused, very slightly contaminated, not resistant to hostile enchantments,
very unstealthy
A: claws 1, fangs 1, large bone plates 1, clever 1, rot immunity
a: no special abilities


You were on level 3 of the Dungeon.
You were not hungry.

You visited 1 branch of the dungeon, and saw 3 of its levels.

You collected 181 gold pieces.

Inventory:

Hand weapons
 g - a +0 short sword (weapon)
Missiles
 l - 3 tomahawks of returning (quivered)
Armour
 a - a +0 robe (worn)
 b - a +0 hat (worn)
Jewellery
 q - an uncursed ring of poison resistance {unknown}
Scrolls
 e - 4 scrolls of remove curse {unknown}
 f - a scroll of recharging {unknown}
 i - a scroll of fear {unknown}
 j - 9 scrolls of identify {unknown}
 k - a scroll of enchant weapon {unknown}
 n - a scroll of immolation {unknown}
 o - a scroll of teleportation {unknown}
Potions
 p - a potion of flight {unknown}
Books
 c - a book of Minor Magic

   Spells                             Type                      Level
   a - Magic Dart                     Conjuration                  1
   b - Blink                          Translocation                2
   c - Call Imp                       Summoning                    2
   d - Repel Missiles                 Charms/Air                   2
   e - Slow                           Hexes                        2
   f - Conjure Flame                  Conjuration/Fire             3
   g - Mephitic Cloud                 Conjuration/Poison/Air       3
Comestibles
 d - 6 bread rations
 h - a meat ration


   Skills:
 - Level 1.7 Dodging
 - Level 1.7 Stealth
 * Level 4.1 Spellcasting
 * Level 2.9 Conjurations
   Level 1.0 Summonings
 - Level 0.8 Translocations
 + Level 0.6 Fire Magic
 + Level 0.1 Air Magic


You had 3 spell levels left.
You knew the following spells:

 Your Spells              Type           Power        Failure   Level  Hunger
a - Magic Dart            Conj           ###.         3%          1    None
b - Blink                 Tloc           N/A          14%         2    #......
c - Repel Missiles        Chrm/Air       #.....       17%         2    #......
d - Conjure Flame         Conj/Fire      ##......     17%         3    ##.....


Dungeon Overview and Level Annotations

Branches:
Dungeon (3/15)

Altars:
Ashenzari
Okawaru


Innate Abilities, Weirdness & Mutations

You have sharp fingernails.
You are immune to rotting.
You have very sharp teeth.
You are partially covered in large bone plates (AC +2, SH +2).
Your mind is acute. (Int +2)


Message History

The puff of flame misses you.
Unknown command.
Throwing (i - inventory):
l - 4 tomahawks of returning (quivered)
Press: ? - help, Shift-Dir - straight line, f/p - orc
Aim: an orc, wielding a dagger (severely wounded)
You throw a tomahawk of returning.
The tomahawk of returning hits the orc wizard but does no damage.
The orc wizard is almost dead.
The tomahawk of returning fails to return to your pack!
The orc wizard points at you and mumbles some strange words.
You are confused.
Unknown command.
Drink which item? (? for menu, Esc to quit)
It was a potion of mutation.
You feel extremely strange.
Your teeth lengthen and sharpen.
Large bone plates grow over parts of your arms.
You feel clever. The orc wizard casts a spell at you.
The puff of flame hits you!
You die...

#.# #.#
#.######
#......#
######.#
#.# #.#
#.####
#.@oo#
####o#
.# .# .#
o# )# ..
#


You could see an orc wizard and 2 orcs.

Vanquished Creatures
  An orc wizard (D:3)
  4 adders
  3 giant geckos
  An ooze (D:2)
  An orc (D:3)
  A ball python (D:3)
  7 giant cockroaches
  5 goblins
  6 hobgoblins
  2 kobolds
  2 quokkas
  5 bats
  2 giant newts
  5 rats
45 creatures vanquished.

Notes
Turn   | Place    | Note
--------------------------------------------------------------
     0 | D:1      | prinygod, the Demonspawn Wizard, began the quest for the Orb.
     0 | D:1      | Reached XP level 1. HP: 13/13 MP: 4/4
   282 | D:1      | Gained mutation: You are immune to rotting. [demonic ancestry]
   282 | D:1      | Reached XP level 2. HP: 19/19 MP: 1/6
  1152 | D:2      | Gained mutation: You have sharp fingernails. [demonic ancestry]
  1152 | D:2      | Reached XP level 3. HP: 22/24 MP: 0/8
  1434 | D:2      | Found an iron altar of Okawaru.
  1930 | D:3      | Learned a level 2 spell: Blink
  1933 | D:3      | Learned a level 2 spell: Repel Missiles
  1937 | D:3      | Learned a level 3 spell: Conjure Flame
  1971 | D:3      | Reached XP level 4. HP: 30/30 MP: 8/10
  2000 | D:3      | Reached skill level 4 in Spellcasting
  2244 | D:3      | Found a shattered altar of Ashenzari.
  2318 | D:3      | HP: 1/30 [orc wizard/puff of flame (6)]
  2321 | D:3      | Gained mutation: You have very sharp teeth. [potion of mutation]
  2321 | D:3      | Gained mutation: You are partially covered in large bone plates (AC +2, SH +2). [potion of mutation]
  2321 | D:3      | Gained mutation: Your mind is acute. (Int +2) [potion of mutation]
  2321 | D:3      | Killed from afar by an orc wizard

Action                   |  1- 3 |  4- 6 || total
-------------------------+-------+-------++-------
Melee: Unarmed           |    23 |       ||    23
       Short sword       |    43 |    11 ||    54
Throw: Tomahawk          |       |     5 ||     5
 Cast: Magic Dart        |    87 |    36 ||   123
  Use: Potion            |       |     1 ||     1
  Eat: Chunk             |     3 |     1 ||     4
